 Dungeon Crawl Stone Soup version 0.27.1-33-g824d729ab1 (webtiles) character file.

Game seed: 10153451195067512620

28 klutch the Firebug (level 3, -15/33 HPs)
             Began as an Ogre Fire Elementalist on Dec 4, 2021.
             Demolished by Crazy Yiuf (21 damage)
             ... on level 2 of the Dungeon.
             The game lasted 00:07:25 (1512 turns).

klutch the Firebug (Ogre Fire Elementalist)         Turns: 1512, Time: 00:07:27

Health: -15/33     AC:  3    Str: 12    XL:     3   Next: 14%
Magic:  3/6        EV:  9    Int: 17    God:
Gold:   67         SH:  0    Dex:  9    Spells: 6/7 levels left

rFire    . . .     SeeInvis .   (no weapon)
rCold    . . .     Faith    .   (no shield)
rNeg     . . .     Spirit   .   a - +0 robe
rPois    .         Reflect  .   (helmet restricted)
rElec    .         Harm     .   (no cloak)
rCorr    .         Rampage  .   (gloves unavailable)
Will     .....                  (boots unavailable)
Stlth    +.........             (no amulet)
HPRegen  0.11/turn              (no ring)
MPRegen  0.10/turn              (no ring)

@: mighty
A: large, unfitting armour, tough skin 1
a: no special abilities


You were on level 2 of the Dungeon.
You visited 1 branch of the dungeon, and saw 2 of its levels.

You collected 67 gold pieces.

Inventory:

Armour
 a - a +0 robe (worn)
Scrolls
 c - 4 scrolls of identify
Potions
 b - a potion of cancellation {unknown}
 d - a potion of lignification {unknown}
 e - a potion of curing
 f - a potion of might


   Skills:
 * Level 1.3 Fighting
 * Level 1.0 Axes
 * Level 0.6 Armour
 - Level 1.7 Dodging
 - Level 1.4 Stealth
 + Level 2.5 Spellcasting
 * Level 1.1 Conjurations
 * Level 3.0 Fire Magic


You had 6 spell levels left.
You knew the following spells:

 Your Spells              Type           Power      Damage    Failure   Level
a - Foxfire               Conj/Fire      36%        2x1d5     8%          1

Your spell library contained the following spells:

 Spells                   Type           Power      Damage    Failure   Level
 Conjure Flame            Conj/Fire      9%         6-21      24%         3
 Inner Flame              Hex/Fire       7%         N/A       30%         3
 Sticky Flame             Conj/Fire      9%         2d3       61%         4
 Fireball                 Conj/Fire      4%         3d4       91%         5


Dungeon Overview and Level Annotations

Branches:
Dungeon (2/15)

Altars:

Annotations:
D:2 Crazy Yiuf


Innate Abilities, Weirdness & Mutations

You are too large for most types of armour.
You have tough skin. (AC +1)


Message History

Your foxfire dissipates!
f - a potion of might You start resting.
Magic restored.
You see here a +0 dagger.
Found an escape hatch in the ceiling.
There is an escape hatch in the ceiling here.
Found two maces.
Found a runed translucent door.
Crazy Yiuf shouts!
You see here a +0 mace.
Found 9 gold pieces.
You now have 67 gold pieces (gained 9).
Crazy Yiuf whimpers, "Goldfish sing-song mobile!"
You see here a +0 mace.
You open the door.
Crazy Yiuf grits, "Cake cloud fast!"
Casting: Foxfire (safe; 8% risk of failure)
Confirm with . or Enter, or press ? or * to list all spells.
You conjure some foxfire!
Crazy Yiuf hits you with a +4 quarterstaff of chaos!
You feel very mighty all of a sudden.
Your foxfire dissipates!
Crazy Yiuf hits you with a +4 quarterstaff of chaos!
Space bends around you!
* * * LOW HITPOINT WARNING * * *
Okay, then.
Casting: Foxfire (safe; 8% risk of failure)
Confirm with . or Enter, or press ? or * to list all spells.
You conjure some foxfire!
The foxfire hits Crazy Yiuf.
Crazy Yiuf is lightly wounded.
The foxfire hits Crazy Yiuf.
Crazy Yiuf is moderately wounded.
Casting: Foxfire (safe; 8% risk of failure)
Confirm with . or Enter, or press ? or * to list all spells.
You conjure some foxfire!
Crazy Yiuf cries, "Buddy infinity return to song!"
Crazy Yiuf hits you with a +4 quarterstaff of chaos!!
Ouch! That really hurt!
You die...

######.................#>......#
....##...##########....#.......#
....##...# #....#.......##
....##...# #..............
....##...# ############.##
....##...## ##.. ....##>...#
######## #.. ...###....#
##...v#.### ### #..
..........###...@g.#..##...# #..
...##.....##....v.####)'...# #..
...##..##<......ยง## ###..)# #..
...##.. ##.####### ### #.. ..#
#..###..### ##.. ..# #.........#
#... ..# #.#####...#######
####.. ..# #.........# #.....
......# #.........# #...).


You could see Crazy Yiuf (ally target).

Vanquished Creatures
  2 dart slugs
  2 ball pythons (D:1)
  2 endoplasms
  3 giant cockroaches (D:1)
  2 goblins
  3 hobgoblins (D:1)
  2 kobolds
  A quokka (D:2)
  2 bats
  A frilled lizard (D:1)
  2 rats
22 creatures vanquished.

Vanquished Creatures (others)
  49 foxfires
49 creatures vanquished.

Grand Total: 71 creatures vanquished

Notes
Turn   | Place    | Note
-------+----------+-------------------------------------------
     0 | D:1      | klutch the Ogre Fire Elementalist began the quest for the
                  | Orb.
     0 | D:1      | Reached XP level 1. HP: 16/16 MP: 3/3
   100 | D:1      | Reached skill level 1 in Conjurations
   245 | D:1      | Reached XP level 2. HP: 7/26 MP: 1/5
   990 | D:1      | Reached skill level 1 in Fighting
  1170 | D:2      | Reached skill level 3 in Fire Magic
  1306 | D:2      | Reached XP level 3. HP: 33/33 MP: 4/6
  1348 | D:2      | Reached skill level 1 in Axes
  1451 | D:2      | Found a runed translucent door.
  1452 | D:2      | Noticed Crazy Yiuf
  1512 | D:2      | Demolished by Crazy Yiuf

Illustrated notes

Levels and vault maps discovered:
D:1:      dpeg_arrival_prison, layout_loops_ring
D:2:      layout_basic, uniq_crazy_yiuf_cottage

Skill      XL: |  1  2  3 |
---------------+----------+-----
Conjurations   | 1 |  1.1
Fighting       | 1 |  1.3
Fire Magic     | 3 |  3.0
Axes           | 1 |  1.0
Armour         | |  0.6
Dodging        | |  1.7
Stealth        | |  1.4
Spellcasting   | |  2.5

Action                   || total
-------------------------++-------
Melee: Unarmed           ||    21
 Cast: Foxfire           ||    35
  Use: Potion            ||     1
       Scroll            ||     3
Armor: Robe              ||     8
Dodge: Dodged            ||    16
